AoeStats
← Isaiahtoth43

Arena

506291662Analyzed
2v2 RM · 19d ago on Sep 13, 2026· 53m 30s· 4 players
Game mode
Random Map
Map size
Medium (4 player)
Population
200
Speed
Normal
Resources
Standard
Victory
Conquest
Starting age
Dark Age
Ending age
Imperial Age
RankedLock teamsTeams togetherTeam positionsShared explorationLock speedFull tech treeHidden civsTurbo modeCheats
Victory
Defeat
🇺🇸 Khmer · United States
702
+14
🇺🇸 Celts · United States
686
+14
🇦🇺 Huns · Australia
679
-15
🇦🇺 Celts · Australia
615
-13
mcnuggets
14:34 Feudal Age
15:13 Double-Bit Axe
15:14 Horse Collar
15:23 Loom
21:45 Castle Age
22:01 Gold Mining
23:02 Bow Saw
22:56 Heavy Plow
25:37 Stone Mining
26:51 Gold Shaft Mining
32:48 Wheelbarrow
32:04 Loom
32:51 Forging
32:41 Scale Mail Armor
32:47 Scale Barding Armor
35:31 Imperial Age
36:14 Ballistics
36:32 Ballistics
36:54 Murder Holes
37:32 Marauders
38:48 Chemistry
38:09 Ballistics
38:59 Hand Cart
38:27 Elite Tarkan
39:59 Iron Casting
39:39 Chain Mail Armor
39:45 Chain Barding Armor
44:07 Two-Man Saw
45:42 Blast Furnace
45:17 Plate Barding Armor
46:04 Masonry
48:32 Pikeman
49:24 Halberdier
BEtUetetaetA
13:07 Feudal Age
13:39 Double-Bit Axe
13:42 Horse Collar
15:11 Wheelbarrow
22:54 Castle Age
22:04 Forging
21:45 Fletching
21:57 Scale Mail Armor
21:52 Gold Mining
21:56 Stone Mining
24:34 Husbandry
23:56 Light Cavalry
25:23 Hand Cart
27:35 Gold Shaft Mining
26:57 Crossbowman
28:59 Iron Casting
29:22 Bow Saw
31:15 Bodkin Arrow
31:37 Chain Mail Armor
33:41 Fortified Wall
39:57 Pikeman
BingBongBoi
7:48 Loom
10:29 Feudal Age
15:37 Castle Age
15:16 Double-Bit Axe
15:17 Horse Collar
24:00 Bow Saw
24:09 Gold Mining
27:59 Wheelbarrow
27:16 Town Watch
28:13 Town Patrol
28:55 Gold Shaft Mining
28:11 Stone Mining
29:43 Hand Cart
29:44 Bloodlines
29:38 Husbandry
29:48 Scale Barding Armor
29:54 Forging
29:37 Fletching
34:10 Imperial Age
32:19 Heavy Plow
33:50 Iron Casting
33:36 Chain Barding Armor
33:12 Bodkin Arrow
34:17 Elite Battle Elephant
36:04 Stone Shaft Mining
37:10 Blast Furnace
36:46 Plate Barding Armor
36:12 Bracer
35:46 Capped Ram
37:11 Tusk Swords
36:44 Siege Ram
50:44 Scale Mail Armor
Isaiahtoth43
15:26 Feudal Age
17:23 Wheelbarrow
16:40 Loom
17:26 Horse Collar
19:41 Double-Bit Axe
26:26 Castle Age
27:28 Gold Mining
27:31 Stone Mining
28:26 Bow Saw
28:21 Heavy Plow
29:11 Hand Cart
31:10 Gold Shaft Mining
31:11 Stone Shaft Mining
31:25 Forging
31:16 Scale Mail Armor
31:22 Scale Barding Armor
31:08 Fletching
31:18 Padded Archer Armor
35:00 Man-at-Arms
35:27 Arson
36:12 Pikeman
41:28 Long Swordsman
41:54 Gambesons
47:38 Iron Casting
47:18 Chain Mail Armor
47:24 Chain Barding Armor
47:20 Leather Archer Armor
Connection lost

Rejoining the realm…

Still unreachable

The connection could not be restored.

Session expired

The server has moved on; the page needs a fresh start.